 Dungeon Crawl Stone Soup version 0.22.0 (webtiles) character file.

2023 Gorglomux the Blocker (level 9, -6/81 HPs)
             Began as a Minotaur Fighter on Aug 11, 2018.
             Was an Initiate of Gozag.
             Mangled by a wyvern (12 damage)
             ... on level 6 of the Dungeon.
             The game lasted 00:03:03 (4556 turns).

Gorglomux the Blocker (Minotaur Fighter)            Turns: 4556, Time: 00:03:05

Health: -6/81      AC: 11    Str: 25    XL:     9   Next: 3%
Magic:  8/8        EV:  8    Int:  5    God:    Gozag
Gold:   366        SH: 11    Dex:  9    Spells: 8/8 levels left

rFire    . . .     SeeInvis .   a - +0 war axe
rCold    . . .     Gourm    .   c - +0 shield
rNeg     . . .     Faith    .   b - +0 scale mail
rPois    .         Spirit   .   (helmet restricted)
rElec    .         Reflect  .   y - +1 cloak
rCorr    +         Harm     .   (no gloves)
MR       .....                  F - +0 pair of boots
Stlth    ..........             (no amulet)
HPRegen  0.23/turn              g - ring of resist corrosion
MPRegen  0.11/turn              (no ring)

@: no status effects
A: retaliatory headbutt, horns 2
a: Potion Petition, Call Merchant, Bribe Branch, Renounce Religion


You were on level 6 of the Dungeon.
You worshipped Gozag.
Gozag was aware of your devotion.
You were not hungry.

You visited 1 branch of the dungeon, and saw 6 of its levels.

You collected 887 gold pieces.
You spent 481 gold pieces at shops.
You paid 40 gold pieces to Gozag.

Inventory:

Hand Weapons
 a - a +0 war axe (weapon)
Missiles
 Z - a throwing net (quivered)
Armour
 b - a +0 scale mail (worn)
 c - a +0 shield (worn)
 y - a +1 cloak (worn)
 F - a +0 pair of boots (worn)
Jewellery
 g - a ring of resist corrosion (left hand)
 W - a +2 ring of evasion {unknown}
Wands
 E - a wand of enslavement (14)
 I - a wand of iceblast (6)
Scrolls
 h - 2 scrolls of immolation {unknown}
 i - 2 scrolls of magic mapping {unknown}
 j - 3 scrolls of teleportation {unknown}
 k - a scroll of noise {unknown}
 m - a scroll of enchant weapon {unknown}
 n - a scroll of blinking {unknown}
 o - a scroll of amnesia {unknown}
 s - a scroll of fear {unknown}
 t - 3 scrolls of identify {unknown}
 w - 3 scrolls of remove curse {unknown}
 x - 3 scrolls of fog {unknown}
 X - a scroll of holy word {unknown}
Potions
 d - 3 potions of might
 q - 2 potions of curing {unknown}
 r - a potion of ambrosia {unknown}
 u - 2 potions of magic
 v - a potion of brilliance {unknown}
 z - a potion of flight {unknown}
 A - 3 potions of invisibility
 B - a potion of cancellation
 C - a potion of heal wounds
 D - a potion of mutation {!q}
 V - a potion of berserk rage {unknown}
 Y - a potion of lignification {unknown}
Comestibles
 p - 2 rations


   Skills:
 + Level 7.9 Fighting
 + Level 7.4 Axes
 + Level 7.9 Armour
 + Level 8.0 Shields


You had 8 spell levels left.
You didn't know any spells.
Your spell library contained the following spells:

 Spells                   Type           Power        Failure   Level  Hunger
 Throw Frost              Conj/Ice       #.....       99%         2    ###....
 Freeze                   Ice            #...         95%         1    ##.....
 Summon Ice Beast         Ice/Summ       #.......     100%        4    #####..
 Ozocubu's Armour         Chrm/Ice       #.......     100%        3    ####...
 Throw Icicle             Conj/Ice       #.......     100%        4    #####..


Dungeon Overview and Level Annotations

Branches:
Dungeon (6/15)             Temple (0/1) D:6

Altars:
Ashenzari
Dithmenos
Gozag
Nemelex Xobeh
Trog
Vehumet
Wu Jian
Xom
Yredelemnul
The Shining One
Beogh

Shops:
D:4 %   D:5 !

Annotations:
D:3 1 runed door
D:4 3 runed doors, inmateoo's ghost, amateur GrFi


Innate Abilities, Weirdness & Mutations

You reflexively headbutt those who attack you in melee.
You have a pair of horns on your head.


Message History

The wyvern bites you!
You barely miss the wyvern!
The wyvern is moderately wounded!
The wyvern bites you!!! The wyvern completely misses you!
You furiously retaliate!!!
You headbutt the wyvern! You cut the wyvern but do no damage!
The wyvern is moderately wounded!
The wyvern butts you!!! * * * don't die
* * * The wyvern bites you!!! * * * butt't die
* * * You barely miss the wyvern!
You headbutt the wyvern!
The wyvern is moderately wounded!
You block the wyvern's attack!
You are too injured to fight recklessly!!!
Unknown command!
You block the wyvern's attack!
The wyvern bites you!!! rip Your body crumbles into a pile of gold!

###### #######....### #######
.....##......#############.....##
.............'.....Z.......$.>...
.............###a###oo...........
.....###.....# #l# #..[.........?
.....# #.....# #@# #.............
.....# #.....# #.# #.............
.....# #.....# #.# #...).........
.....# #.....# #.# #.............
.....###.....# #.# #..........b..
.....##......# #.# #........ $
.....##......# #.###........
#######......# #............
#######...#+## #.##.........


You could see a wyvern and a worker ant.

Vanquished Creatures
  Pikel (D:6)
  Grinder (D:3)
  A water moccasin (D:6)
  A slave (D:6)
  A black bear (D:6)
  An orc warrior (D:6)
  An ogre (D:4)
  2 centaurs (D:5)
  A bullfrog (D:6)
  A gnoll sergeant (D:6)
  2 scorpions (D:4)
  2 howler monkeys
  2 orc priests
  A hound (D:6)
  A bullfrog skeleton (D:4)
  5 orc wizards
  Jessica (D:3)
  Ijyb (D:3)
  Natasha (thrice) (D:3)
  2 worker ants
  A worker ant zombie (D:6)
  3 gnolls (D:6)
  8 adders
  A dart slug (D:1)
  3 leopard geckos
  8 orcs
  A ball python (D:1)
  7 goblins
  4 hobgoblins
  14 jackals
  3 quokkas
  6 bats
  7 frilled lizards
  6 kobolds
  5 rats
108 creatures vanquished.

Notes
Turn   | Place    | Note
-------+----------+-------------------------------------------
     0 | D:1      | Gorglomux the Minotaur Fighter began the quest for the Orb.
     0 | D:1      | Reached XP level 1. HP: 19/19 MP: 0/0
   180 | D:1      | Reached XP level 2. HP: 27/27 MP: 1/1
   585 | D:1      | Reached skill level 4 in Shields
   889 | D:2      | Found a radiant altar of Vehumet.
   889 | D:2      | Found a basalt altar of Yredelemnul.
   889 | D:2      | Found an opulent altar of Gozag.
   889 | D:2      | Found a shadowy altar of Dithmenos.
   894 | D:2      | Found a shattered altar of Ashenzari.
   894 | D:2      | Found an ornate altar of the Wu Jian Council.
   895 | D:2      | Found a bloodstained altar of Trog.
   898 | D:2      | Reached skill level 3 in Axes
   898 | D:2      | Reached XP level 3. HP: 32/33 MP: 2/2
   901 | D:2      | Became a worshipper of Gozag Ym Sagoz the Greedy
  1176 | D:2      | Found a glowing golden altar of the Shining One.
  1429 | D:3      | Noticed Natasha
  1439 | D:3      | Killed Natasha
  1439 | D:3      | Reached XP level 4. HP: 40/40 MP: 3/3
  1450 | D:3      | Reached XP level 5. HP: 41/47 MP: 4/4
  1650 | D:3      | Noticed Natasha
  1657 | D:3      | Killed Natasha
  1742 | D:3      | Noticed Jessica
  1743 | D:3      | Noticed Ijyb
  1746 | D:3      | Killed Jessica
  1746 | D:3      | Reached skill level 5 in Shields
  1772 | D:3      | HP: 1/48 [Ijyb/wand of flame (22) (6)]
  1774 | D:3      | Killed Ijyb
  1921 | D:3      | Noticed Natasha
  1927 | D:3      | Killed Natasha
  1927 | D:3      | Reached XP level 6. HP: 45/56 MP: 5/5
  1984 | D:3      | Noticed Grinder
  1990 | D:3      | Killed Grinder
  2000 | D:3      | Found a runed door.
  2321 | D:4      | Reached XP level 7. HP: 61/62 MP: 6/6
  2570 | D:4      | Reached skill level 6 in Fighting
  2570 | D:4      | Reached skill level 6 in Armour
  2570 | D:4      | Reached skill level 6 in Shields
  2581 | D:4      | Found Qocuudum's Food Shoppe.
  2743 | D:4      | Found a runed gate.
  2743 | D:4      | Noticed inmateoo's ghost (amateur GrFi)
  2744 | D:4      | Found a runed gate.
  2745 | D:4      | Found a runed gate.
  2745 | D:4      | Found a roughly hewn altar of Beogh.
  3053 | D:5      | Entered Level 5 of the Dungeon
  3249 | D:5      | Found Regikhli's Distillery.
  3257 | D:5      | Bought 2 potions of invisibility for 208 gold pieces
  3257 | D:5      | Bought a potion of cancellation for 104 gold pieces
  3257 | D:5      | Bought a potion of heal wounds for 65 gold pieces
  3257 | D:5      | Bought a potion of mutation for 104 gold pieces
  3358 | D:5      | Reached skill level 6 in Axes
  3403 | D:5      | Reached XP level 8. HP: 71/71 MP: 7/7
  3650 | D:6      | Found a sparkling altar of Nemelex Xobeh.
  3682 | D:6      | Found a shimmering altar of Xom.
  3787 | D:6      | Found a staircase to the Ecumenical Temple.
  3806 | D:6      | Reached skill level 7 in Shields
  3808 | D:6      | Noticed Pikel
  3831 | D:6      | Killed Pikel
  4394 | D:6      | Reached skill level 8 in Shields
  4394 | D:6      | Reached XP level 9. HP: 56/81 MP: 8/8
  4556 | D:6      | Mangled by a wyvern

Skill      XL: |  1  2  3  4  5  6  7  8 |
---------------+-------------------------+-----
Armour         | 4 5 6 7 |  7.9
Fighting       | 4 5 6 7 |  7.9
Shields        | 4 5 6 8 |  8.0
Axes           | 3 4 5 6 7 |  7.4

Action                   |  1- 3 |  4- 6 |  7- 9 || total
-------------------------+-------+-------+-------++-------
Melee: War axe           |    85 |    95 |   158 ||   338
       Headbutt          |     8 |    11 |    27 ||    46
Invok: Potion Petition   |       |     1 |       ||     1
  Use: Potion            |       |     1 |       ||     1
 Stab: Distracted        |       |     1 |       ||     1
  Eat: Ration            |     2 |       |     2 ||     4
Armor: Scale mail        |    43 |    34 |    73 ||   150
       Skin              |     4 |    12 |       ||    16
Dodge: Dodged            |    23 |    26 |    65 ||   114
Block: Shield            |    46 |    70 |   108 ||   224
